 Dungeon Crawl Stone Soup version 0.27.1-1-g398f81649c (webtiles) character file.

Game seed: 2737497588870189894

473 Metae the Ducker (level 7, -12/51 HPs)
             Began as a Merfolk Summoner on Sept 10, 2021.
             Killed from afar by a steam dragon (17 damage)
             ... with a ball of steam
             ... on level 3 of the Dungeon.
             The game lasted 00:33:27 (5936 turns).

Metae the Ducker (Merfolk Summoner)                 Turns: 5936, Time: 00:33:28

Health: -12/51     AC:  6    Str:  8    XL:     7   Next: 10%
Magic:  1/11       EV: 14    Int: 17    God:
Gold:   89         SH:  5    Dex: 14    Spells: 6/12 levels left

rFire    . . .     SeeInvis .   a - +0 dagger (speed)
rCold    . . .     Faith    .   (no shield)
rNeg     . . .     Spirit   .   p - +0 robe
rPois    .         Reflect  +   (no helmet)
rElec    .         Harm     .   (no cloak)
rCorr    +         Rampage  .   (no gloves)
Will     .....                  (no boots)
Stlth    ++........             c - amulet of reflection
HPRegen  0.17/turn              h - ring of resist corrosion
MPRegen  0.12/turn              r - +4 ring of protection

@: no status effects
A: (nimble swimmer 2), mertail
a: no special abilities


You were on level 3 of the Dungeon.
You visited 1 branch of the dungeon, and saw 4 of its levels.
You also visited: Ossuary.

You collected 89 gold pieces.

Inventory:

Hand Weapons
 a - a +0 dagger of speed (weapon)
 b - a +0 hunting sling
 e - a +0 dagger
 k - a +2 dagger of venom
Missiles
 i - 21 sling bullets
 j - 130 stones
 x - 9 boomerangs (quivered)
Armour
 p - a +0 robe (worn)
 w - a +3 ring mail
Magical Staves
 I - a staff of poison
Jewellery
 c - an amulet of reflection (around neck)
 h - a ring of resist corrosion (left hand)
 r - a +4 ring of protection (right hand)
Scrolls
 f - 4 scrolls of teleportation
 g - a scroll of magic mapping
 l - a scroll of vulnerability {unknown}
 m - 4 scrolls of identify
 n - a scroll of enchant armour {unknown}
 q - a scroll of silence {unknown}
 s - 2 scrolls of immolation {unknown}
 y - a scroll of enchant weapon {unknown}
 B - a scroll of acquirement {unknown}
 C - a scroll of holy word {unknown}
 D - a scroll of noise {unknown}
 F - 3 scrolls of fog {unknown}
 H - a scroll of torment {unknown}
 J - 2 scrolls of amnesia {unknown}
Potions
 d - a potion of attraction {unknown}
 o - a potion of magic
 t - a potion of curing {unknown}
 u - 2 potions of ambrosia {unknown}
 v - a potion of mutation {unknown}
 z - 3 potions of heal wounds {unknown}
 A - a potion of might {unknown}
 E - 2 potions of brilliance {unknown}
 G - a potion of cancellation {unknown}


   Skills:
 + Level 2.8 Fighting
 - Level 1.7 Short Blades
 + Level 1.4 Throwing
 * Level 5.6 Dodging
 - Level 2.2 Stealth
 + Level 3.1 Spellcasting
 * Level 5.4 Summonings


You had 6 spell levels left.
You knew the following spells:

 Your Spells              Type           Power      Damage    Failure   Level
a - Summon Small Mammal   Summ           84%        N/A       1%          1
b - Call Imp              Summ           21%        N/A       2%          2
c - Call Canine Familiar  Summ           21%        N/A       5%          3

Your spell library contained the following spells:

 Spells                   Type           Power      Damage    Failure   Level
 Animate Skeleton         Necr           4%         N/A       17%         1
 Magic Dart               Conj           8%         1d3       17%         1
 Pain                     Necr           8%         1d4       17%         1
 Summon Guardian Golem    Hex/Summ       11%        N/A       17%         3
 Mephitic Cloud           Conj/Pois/Air  2%         N/A       45%         3
 Vampiric Draining        Necr           1%         2d6       45%         3
 Summon Lightning Spire   Summ/Air       11%        N/A       50%         4


Dungeon Overview and Level Annotations

Branches:
Dungeon (4/15)            Ossuary (visited)
 Temple: D:4-7

Altars:
Elyvilon
Uskayaw
Wu Jian

Shops:
D:2 (   D:4 [?


Innate Abilities, Weirdness & Mutations

((You are quick and stealthy near water. (Stealth+, EV+, Speed+++)))
Your lower body shifts to a powerful aquatic tail in water.


Message History

The steam dragon claws you.
* * * LOW HITPOINT WARNING * * *
You are engulfed in a cloud of scalding steam.
* * * LOW HITPOINT WARNING * * *
Your hound bites the steam dragon.
The bullfrog skeleton hits you but does no damage.
The steam dragon misses you. You block the steam dragon's attack.
You climb upwards.
Your summoned ally is left behind.
There is a stone staircase leading down here.
Okay, then.
Casting: Call Imp (safe; 2% risk of failure)
Confirm with . or Enter, or press ? or * to list all spells.
The steam dragon misses you. The steam dragon closely misses you.
You swap places.
Your hound closely misses the steam dragon.
The steam dragon misses your hound.
The steam dragon claws your hound but does no damage.
Your hound bites the steam dragon.
Your hound bites the steam dragon but does no damage.
The steam dragon bites your hound.
The steam dragon completely misses your hound.
Your hound barely misses the steam dragon.
The steam dragon bites your hound! The steam dragon claws your hound.
Your hound bites the steam dragon but does no damage.
Your hound bites the steam dragon.
The steam dragon bites your hound.
Your hound dies!
Your hound's corpse disappears in a puff of smoke!
The steam dragon hisses angrily.
Casting: Call Canine Familiar (dangerous; 5% risk of failure)
Confirm with . or Enter, or press ? or * to list all spells.
The steam dragon breathes steam at you. The ball of steam hits your hound!!
Your hound dies!
Your hound's corpse disappears in a puff of smoke!
The ball of steam misses you.
You are engulfed in a cloud of scalding steam.
* * * LOW HITPOINT WARNING * * *
The steam dragon breathes steam at you. The ball of steam hits you!
You die...

.......# #........# ######.#
#.######.# ..# #.# #.# #.# #.#
#.# #.# #.#
#.####.##############.# #.#
#.....................# #.#
######.#####################.####
.....#.......................#...
....D.....D...§§@.############.##
......§........#...............#
####.#.#######.#..###############
#.#...........................
#.#.#######.#.#.##############
#.#.# #####.#.#..# #.#.#
#...#.#.##.# #.#.# #...#.#.##.#
#.#.# #...#.#.##.#


There were no monsters in sight!

Vanquished Creatures
  A sky beast (D:3)
  A phantom (D:4)
  A bullfrog skeleton (D:4)
  Terence (D:2)
  4 mummies (Ossuary)
  2 gnolls (D:4)
  An adder (D:3)
  A worm (D:2)
  2 dart slugs (D:2)
  An orc (D:3)
  4 bats
  3 endoplasms
  3 goblins
  3 hobgoblins
  2 quokkas
  2 frilled lizards
  A goblin skeleton (Ossuary)
  A kobold (D:2)
  2 kobold skeletons (Ossuary)
  3 orc skeletons (Ossuary)
  4 rats
43 creatures vanquished.

Vanquished Creatures (collateral kills)
  A scorpion (D:4)
  2 gnoll shamans (D:4)
  A jelly (D:4)
  An orc priest (D:3)
  8 mummies (Ossuary)
  7 gnolls (D:4)
  An adder (D:4)
  6 orcs (D:3)
  5 bats
  2 endoplasms
  4 giant cockroaches
  3 hobgoblins
  2 jackals (D:4)
  7 kobolds
  2 quokkas
  A frilled lizard (D:2)
  4 goblins
  2 orc skeletons (Ossuary)
  3 rats
  11 rat skeletons (Ossuary)
73 creatures vanquished.

Grand Total: 116 creatures vanquished

Notes
Turn   | Place    | Note
-------+----------+-------------------------------------------
     0 | D:1      | Metae the Merfolk Summoner began the quest for the Orb.
     0 | D:1      | Reached XP level 1. HP: 13/13 MP: 3/3
   515 | D:1      | Reached XP level 2. HP: 6/20 MP: 1/5
   862 | D:1      | Found a faded altar of an unknown god.
  1212 | D:1      | Learned a level 2 spell: Call Imp
  1783 | D:2      | Reached XP level 3. HP: 25/25 MP: 3/6
  1882 | D:2      | Noticed Terence
  1937 | D:2      | Killed Terence
  1938 | D:2      | Reached skill level 1 in Fighting
  1938 | D:2      | Reached skill level 1 in Short Blades
  1994 | D:2      | Found Voenuo Xellu's Antique Weapon Emporium.
  2290 | D:3      | Reached XP level 4. HP: 32/32 MP: 7/7
  3301 | D:3      | Noticed a sky beast
  3338 | D:3      | Killed a sky beast
  3339 | D:3      | Reached XP level 5. HP: 38/38 MP: 8/8
  3691 | D:3      | Learned a level 3 spell: Call Canine Familiar
  3720 | D:4      | Found an ornate altar of the Wu Jian Council.
  3721 | D:4      | Found a white marble altar of Elyvilon.
  3724 | D:4      | Found a hide-covered altar of Uskayaw.
  3934 | D:4      | Found a sand-covered staircase.
  3939 | Ossuary  | Entered an ossuary
  4035 | Ossuary  | Reached XP level 6. HP: 25/44 MP: 0/10
  4204 | Ossuary  | Reached skill level 5 in Summonings
  4605 | Ossuary  | Reached skill level 5 in Dodging
  4685 | Ossuary  | Reached skill level 1 in Throwing
  4989 | D:4      | Found Tupem's Armour Boutique.
  5391 | D:4      | Reached XP level 7. HP: 32/51 MP: 9/11
  5885 | D:4      | Found Bador's Magic Scroll Emporium.
  5886 | D:4      | Noticed a steam dragon
  5936 | D:3      | Killed from afar by a steam dragon

Illustrated notes

Levels and vault maps discovered:
D:1:      scummos_arrival_star, layout_basic,
          hellmonk_ecumenical_altar_pennies_from_heaven
D:2:      layout_basic, serial_shops, nicolae_lakefront_shop, uniq_terence
D:3:      layout_basic
D:4:      layout_layer_cave, minitemple, serial_shops, shop,
          nicolae_lakefront_shop, enter_ossuary_2, chequers_avenue

Skill      XL: |  1  2  3  4  5  6 |
---------------+-------------------+-----
Dodging        | 3 4 5 |  5.6
Fighting       | 1 2 |  2.8
Short Blades   | 1 |  1.7
Summonings     | 5 |  5.4
Throwing       | 1 |  1.4
Spellcasting   | 3 |  3.1
Stealth        | |  2.2

Action                   |  1- 3 |  4- 6 |  7- 9 || total
-------------------------+-------+-------+-------++-------
Melee: Unarmed           |    18 |       |       ||    18
       Whip              |     7 |       |       ||     7
       Dagger            |    90 |   340 |    22 ||   452
 Fire: Hunting sling     |       |    14 |       ||    14
Throw: Boomerang         |     2 |     2 |       ||     4
 Cast: Summon Small Mamm |    28 |    13 |     1 ||    42
       Call Imp          |    10 |     8 |     2 ||    20
       Call Canine Famil |       |    22 |     5 ||    27
  Use: Scroll            |     3 |     1 |       ||     4
 Stab: Sleeping          |     2 |     5 |       ||     7
       Distracted        |     1 |     2 |       ||     3
Armor: Robe              |    22 |    48 |     5 ||    75
Dodge: Dodged            |    64 |   145 |    18 ||   227
Block: Other             |    15 |    30 |     5 ||    50
